 Dungeon Crawl Stone Soup version 0.23.2-1-ga50397a6bc (webtiles) character file.

Game seed: 8850851956410369447

2232 Mrkan the Carver (level 9, -7/79 HPs)
             Began as a Minotaur Monk on May 22, 2019.
             Was an Elder of Dithmenos.
             Killed from afar by an electric eel (8 damage)
             ... with a bolt of electricity
             ... on level 6 of the Dungeon.
             The game lasted 00:13:35 (5709 turns).

Mrkan the Carver (Minotaur Monk)                    Turns: 5709, Time: 00:13:35

Health: -7/79      AC:  8    Str: 18    XL:     9   Next: 14%
Magic:  12/12      EV:  9    Int:  3    God:    Dithmenos [****..]
Gold:   335        SH:  0    Dex: 14    Spells: 8/8 levels left

rFire    . . .     SeeInvis .   a - +1 falchion
rCold    . . .     Gourm    .   (no shield)
rNeg     . . .     Faith    .   d - +0 chain mail
rPois    .         Spirit   .   v - +0 hat
rElec    .         Reflect  .   (no cloak)
rCorr    .         Harm     .   (no gloves)
MR       +....                  (no boots)
Stlth    ..........             z - amulet of rage
HPRegen  0.23/turn              m - -4 ring of intelligence (curse)
MPRegen  0.13/turn              w - ring of protection from magic

@: wreathed by umbra
A: retaliatory headbutt, horns 2
a: Shadow Step, Renounce Religion, Evoke Berserk Rage


You were on level 6 of the Dungeon.
You worshipped Dithmenos.
Dithmenos was greatly pleased with you.
You were hungry.

You visited 1 branch of the dungeon, and saw 6 of its levels.

You collected 335 gold pieces.

Inventory:

Hand Weapons
 a - a +1 falchion (weapon)
 j - a +2 whip of freezing
Armour
 d - a +0 chain mail (worn)
 v - a +0 hat (worn)
Jewellery
 m - a cursed -4 ring of intelligence (left hand)
 w - a ring of protection from magic (right hand)
 z - an amulet of rage (around neck)
Wands
 q - a wand of paralysis (11)
 r - a wand of polymorph (10)
 x - a wand of acid (11)
Scrolls
 e - a scroll of amnesia
 s - a scroll of teleportation
 t - a scroll of immolation
Potions
 f - a potion of lignification {unknown}
 g - a potion of magic {unknown}
 h - a potion of heal wounds {unknown}
 i - a potion of might {unknown}
 k - a potion of cancellation {unknown}
 n - 3 potions of curing
 o - a potion of haste {unknown}
 u - a potion of invisibility {unknown}
Comestibles
 c - 12 rations


   Skills:
 - Level 7.5 Fighting
 - Level 10.0 Long Blades
 + Level 5.7 Dodging
 - Level 1.5 Stealth
 * Level 6.0 Invocations


You had 8 spell levels left.
You didn't know any spells.
Your spell library was empty.

Dungeon Overview and Level Annotations

Branches:
Dungeon (6/15)
 Temple: D:4-7

Altars:
Cheibriados
Dithmenos
Fedhas
Hepliaklqana
Kikubaaqudgha
Sif Muna
Uskayaw
Xom

Annotations:
D:5 Grinder


Innate Abilities, Weirdness & Mutations

You reflexively headbutt those who attack you in melee.
You have a pair of horns on your head.


Message History

The electric eel is lightly wounded.
You hit the electric eel but do no damage.
The electric eel is lightly wounded.
The electric eel shoots out a bolt of lightning at you!
The bolt of electricity misses you.
You miss the electric eel.
The electric eel is lightly wounded.
The electric eel shoots out a bolt of lightning at you!
The bolt of electricity hits you!
* * * LOW HITPOINT WARNING * * *
Unknown command.
Your chain mail prevents you from hitting the electric eel.
You headbutt the electric eel.
The electric eel is moderately wounded.
You hit the electric eel. You headbutt the electric eel.
The electric eel is severely wounded.
Your shadow hits the electric eel with a falchion.
The electric eel shoots out a bolt of lightning at you!
The bolt of electricity hits you!
You die...

........# .#
######(#####..##
.#.######
##≈≈).(.......... .#...
######≈#####...###....
.# ###
##...≈≈##≈;;###.#####.#
.#
##.######≈≈/≈≈##........
..
#≈##≈≈≈##?.(≈≈########.#
.# #≈#≈≈!≈≈#(P.≈.# #..
#≈#[≈..;#PP.PP# ###
#≈#.PP≈@#.....#
#≈#.≈...# #.#.....# #
#.#.....#####..#
#.##..'##≈≈≈..#
##.####[≈≈#####
##≈≈≈..### #######


You could see an electric eel.

Vanquished Creatures
  Pikel (D:5)
  A yak (D:6)
  A slave (D:5)
  An ice beast (D:6)
  2 phantoms (D:4)
  A necrophage (D:5)
  3 ogres
  3 centaurs
  2 electric eels (D:6)
  A howler monkey (D:5)
  2 crimson imps
  A centaur zombie (D:5)
  A bullfrog zombie (D:5)
  An orc priest (D:6)
  2 bullfrog skeletons (D:4)
  2 iguanas
  An orc wizard (D:6)
  3 worker ants
  A hound zombie (D:6)
  A hound skeleton (D:6)
  A worker ant zombie (D:6)
  Robin (D:2)
  13 adders
  A shadow imp (D:5)
  An ooze (D:4)
  6 worms
  A dart slug (D:1)
  2 leopard geckos
  23 orcs
  4 ball pythons
  8 giant cockroaches
  17 goblins
  6 hobgoblins
  7 jackals
  2 quokkas
  12 bats
  8 frilled lizards
  A jackal zombie (D:5)
  8 kobolds
  7 rats
160 creatures vanquished.

Notes
Turn   | Place    | Note
-------+----------+-------------------------------------------
     0 | D:1      | Mrkan the Minotaur Monk began the quest for the Orb.
     0 | D:1      | Reached XP level 1. HP: 19/19 MP: 0/0
    81 | D:1      | Reached skill level 4 in Long Blades
   144 | D:1      | Reached XP level 2. HP: 27/27 MP: 1/1
   656 | D:2      | Found a hide-covered altar of Uskayaw.
   741 | D:2      | Noticed Robin
   761 | D:2      | Reached XP level 3. HP: 18/33 MP: 2/2
   776 | D:2      | Reached skill level 5 in Long Blades
   779 | D:2      | Killed Robin
   935 | D:2      | Reached XP level 4. HP: 30/41 MP: 3/3
  1034 | D:2      | Found a deep blue altar of Sif Muna.
  1716 | D:3      | Found a shadowy altar of Dithmenos.
  1769 | D:3      | Became a worshipper of Dithmenos the Shadowed
  1769 | D:3      | Reached * piety under Dithmenos
  1769 | D:3      | Reached ** piety under Dithmenos
  1921 | D:3      | Reached skill level 6 in Long Blades
  1949 | D:3      | Reached XP level 5. HP: 42/47 MP: 4/4
  1960 | D:3      | Reached skill level 5 in Fighting
  2622 | D:4      | Noticed a phantom
  2697 | D:4      | Killed a phantom
  2697 | D:4      | Reached skill level 7 in Long Blades
  2697 | D:4      | Reached XP level 6. HP: 30/56 MP: 5/5
  2883 | D:4      | Found a glowing drain.
  2890 | D:4      | Noticed a hippogriff
  2979 | D:4      | HP: 2/57 [hippogriff (3)]
  3144 | D:4      | Reached *** piety under Dithmenos
  3265 | D:4      | Reached skill level 8 in Long Blades
  3392 | D:4      | Reached XP level 7. HP: 40/63 MP: 6/6
  3727 | D:5      | Entered Level 5 of the Dungeon
  3807 | D:5      | Noticed Grinder
  3819 | D:5      | Paralysed by Grinder for 7 turns
  4147 | D:5      | Noticed Pikel
  4174 | D:5      | Killed Pikel
  4174 | D:5      | Reached skill level 10 in Long Blades
  4174 | D:5      | Reached XP level 8. HP: 55/73 MP: 7/7
  4204 | D:5      | Found a blossoming altar of Fedhas.
  4381 | D:5      | Reached skill level 1 in Invocations
  4655 | D:5      | Found an ancient bone altar of Kikubaaqudgha.
  4938 | D:6      | Found a snail-covered altar of Cheibriados.
  4984 | D:6      | Found a hazy altar of Hepliaklqana.
  5005 | D:6      | Found a shimmering altar of Xom.
  5005 | D:6      | Found a shimmering altar of Xom.
  5017 | D:6      | Found a shimmering altar of Xom.
  5017 | D:6      | Found a shimmering altar of Xom.
  5025 | D:6      | Found a shimmering altar of Xom.
  5147 | D:6      | Reached skill level 5 in Dodging
  5243 | D:6      | Reached skill level 5 in Invocations
  5277 | D:6      | Reached **** piety under Dithmenos
  5338 | D:6      | Reached XP level 9. HP: 73/79 MP: 10/12
  5401 | D:6      | HP: 3/79 [yak (8)]
  5707 | D:6      | HP: 1/79 [electric eel/bolt of electricity (7)]
  5709 | D:6      | Killed from afar by an electric eel

Skill      XL: |  1  2  3  4  5  6  7  8  9 |
---------------+----------------------------+-----
Long Blades    | 4 5 6 7 8 10 | 10.0
Fighting       | 4 5 6 7 |  7.5
Invocations    | 5 6 |  6.0
Dodging        | 5 |  5.7
Stealth        | |  1.5

Action                   |  1- 3 |  4- 6 |  7- 9 || total
-------------------------+-------+-------+-------++-------
Melee: Falchion          |    79 |   219 |   245 ||   543
       Headbutt          |    14 |    41 |    55 ||   110
  Use: Scroll            |       |       |     8 ||     8
 Stab: Sleeping          |     2 |       |       ||     2
  Eat: Chunk             |       |     8 |     7 ||    15
Armor: Robe              |    10 |       |       ||    10
       Chain mail        |    31 |   121 |    68 ||   220
Dodge: Dodged            |    48 |   111 |   100 ||   259
       Rpst.: Falchion   |    14 |    25 |    24 ||    63
